| TOP OF THE 1ST |
|
Trenton Thunder batting - Pitching for New Hampshire Fisher Cats : RHP Dan Korte
|
|
Pitching: RHP Dan Korte
|
|
|
Batting: RHB Tim Osborn
|
0-0: Called Strike 0-1: Ball 1-1: Ball 2-1: Ground out 6-3 (Groundball, 6MD, EV 90.6 MPH)
|
|
Batting: RHB Bryan Westray
|
0-0: Swinging Strike 0-1: Ball 1-1: Ball 2-1: Foul Ball, location: 2F 2-2: Foul Ball, location: 2F 2-2: Strikes out looking
|
|
Batting: SHB David Stewart
|
0-0: Called Strike 0-1: Ball 1-1: Ball 2-1: Foul Ball, location: 2F 2-2: Strikes out swinging
|
| Top of the 1st over - 0 runs, 0 hits, 0 errors, 0 left on base; Trenton 0 - New Hampshire 0 |
| BOTTOM OF THE 1ST |
|
New Hampshire Fisher Cats batting - Pitching for Trenton Thunder : RHP John Robidoux
|
|
Pitching: RHP John Robidoux
|
|
|
Batting: RHB Tokuji Kawabata
|
0-0: Foul Ball, location: 2F 0-1: Ball 1-1: Swinging Strike 1-2: Ball 2-2: Strikes out swinging, 2-3 out at first.
|
|
Batting: RHB Stephen Casteel
|
0-0: Ground out 4-3 (Groundball, 4, EV 81.9 MPH)
|
|
Batting: RHB Bill Murray
|
0-0: Called Strike 0-1: Ground out 6-3 (Groundball, 6, EV 104.4 MPH)
|
| Bottom of the 1st over - 0 runs, 0 hits, 0 errors, 0 left on base; Trenton 0 - New Hampshire 0 |
| TOP OF THE 2ND |
|
Trenton Thunder batting - Pitching for New Hampshire Fisher Cats : RHP Dan Korte
|
|
Batting: RHB Sam Hubbert
|
0-0: Called Strike 0-1: Ball 1-1: Swinging Strike 1-2: Strikes out swinging
|
|
Batting: RHB Phil Reeves
|
0-0: Ball 1-0: Ball 2-0: Called Strike 2-1: Swinging Strike 2-2: Foul Ball, location: 2F 2-2: Ball 3-2: Foul Ball, location: 2F 3-2: Strikes out swinging
|
|
Batting: SHB Houston Phillips
|
0-0: Called Strike 0-1: Ball 1-1: Foul Ball, location: 2F 1-2: Ball 2-2: Ground out 4-3 (Groundball, 4, EV 85.6 MPH)
|
| Top of the 2nd over - 0 runs, 0 hits, 0 errors, 0 left on base; Trenton 0 - New Hampshire 0 |
| BOTTOM OF THE 2ND |
|
New Hampshire Fisher Cats batting - Pitching for Trenton Thunder : RHP John Robidoux
|
|
Batting: RHB Justin Geiger
|
0-0: Called Strike 0-1: Ball 1-1: Fly out, F9 (Flyball, 9S, EV 84.4 MPH)
|
|
Batting: RHB Kai Stoyle
|
0-0: Called Strike 0-1: Reached on error, E5 (Groundball, 56, EV 91.9 MPH)
|
|
Batting: RHB Chris Martin
|
0-0: SINGLE (Groundball, 56S, EV 64.4 MPH) (infield hit) Kai Stoyle to third
|
|
Batting: LHB Kurt Estep
|
0-0: Called Strike 0-1: Ball Pickoff Throw by Catcher to First - Out! 1-1: Called Strike 1-2: Ball 2-2: Ball 3-2: Strikes out looking
|
| Bottom of the 2nd over - 0 runs, 1 hit, 1 error, 1 left on base; Trenton 0 - New Hampshire 0 |
| TOP OF THE 3RD |
|
Trenton Thunder batting - Pitching for New Hampshire Fisher Cats : RHP Dan Korte
|
|
Batting: RHB Christian Shearer
|
0-0: Called Strike 0-1: Ball 1-1: Foul Ball, location: 2F 1-2: Foul Ball, location: 2F 1-2: Foul Ball, location: 2F 1-2: Foul Ball, location: 2F 1-2: Strikes out swinging
|
|
Batting: RHB Alex Colon
|
0-0: Foul Ball, location: 2F 0-1: Ball 1-1: Fly out, F7 (Line Drive, 7LM, EV 87.5 MPH)
|
|
Batting: RHB Nazeeh Zubair
|
0-0: Ball 1-0: Foul Ball, location: 2F 1-1: Ground out 5-3 (Groundball, 56S, EV 84.4 MPH)
|
| Top of the 3rd over - 0 runs, 0 hits, 0 errors, 0 left on base; Trenton 0 - New Hampshire 0 |
| BOTTOM OF THE 3RD |
|
New Hampshire Fisher Cats batting - Pitching for Trenton Thunder : RHP John Robidoux
|
|
Batting: RHB Bobby Lasaguna
|
0-0: Ball 1-0: Ball 2-0: SINGLE (Groundball, 6MD, EV 97.5 MPH)
|
|
Batting: RHB Justin Powell
|
0-0: SINGLE (Line Drive, 78S, EV 111.9 MPH) Bobby Lasaguna to second
|
|
Batting: RHB Tokuji Kawabata
|
0-0: Fly out, F7 (Flyball, 78M, EV 93.8 MPH)
|
|
Batting: RHB Stephen Casteel
|
0-0: Ball Bobby Lasaguna steals 3rd base Justin Powell to second 1-0: Ball 2-0: Ball 3-0: Base on Balls
|
|
Batting: RHB Bill Murray
|
0-0: Foul Ball, location: 2F 0-1: Fly out, F8 (Flyball, 8RS, EV 91.2 MPH)
|
|
Batting: RHB Justin Geiger
|
0-0: Foul Ball, location: 2F 0-1: Ball 1-1: Called Strike 1-2: Foul Ball, location: 2F 1-2: Foul Ball, location: 2F 1-2: SINGLE (Groundball, 3D, EV 97.5 MPH) Bobby Lasaguna scores Justin Powell to third Stephen Casteel to second Runner from 3rd tries for Home, SAFE, throw by RF to home
|
|
Batting: RHB Kai Stoyle
|
0-0: Called Strike 0-1: Ball 1-1: Called Strike 1-2: Foul Ball, location: 2F 1-2: Foul Ball, location: 2F 1-2: Ball 2-2: Foul Ball, location: 2F 2-2: Ball 3-2: Fly out, F3 (Popup, 3SF, EV 74.4 MPH)
|
| Bottom of the 3rd over - 2 runs, 3 hits, 0 errors, 2 left on base; Trenton 0 - New Hampshire 2 |
| TOP OF THE 4TH |
|
Trenton Thunder batting - Pitching for New Hampshire Fisher Cats : RHP Dan Korte
|
|
Batting: RHB Tim Osborn
|
0-0: Called Strike 0-1: Ball 1-1: Swinging Strike 1-2: Ball 2-2: Foul Ball, location: 2F 2-2: SOLO HOME RUN (Flyball, 7D, EV 95.6 MPH), Distance : 378 ft
|
|
Batting: RHB Bryan Westray
|
0-0: Ball 1-0: Ball 2-0: Foul Ball, location: 2F 2-1: Called Strike 2-2: Foul Ball, location: 2F 2-2: Ball 3-2: Foul Ball, location: 2F 3-2: Base on Balls
|
|
Batting: SHB David Stewart
|
0-0: Foul Ball, location: 2F 0-1: Ball 1-1: Called Strike 1-2: Ball 2-2: Strikes out swinging
|
|
Batting: RHB Sam Hubbert
|
0-0: Fly out, F7 (Flyball, 78S, EV 88.8 MPH)
|
|
Batting: RHB Phil Reeves
|
0-0: Called Strike Bryan Westray steals 2nd base 0-1: Ground out 5-3 (Groundball, 56S, EV 86.9 MPH)
|
| Top of the 4th over - 1 run, 1 hit, 0 errors, 1 left on base; Trenton 1 - New Hampshire 2 |
| BOTTOM OF THE 4TH |
|
New Hampshire Fisher Cats batting - Pitching for Trenton Thunder : RHP John Robidoux
|
|
Batting: RHB Chris Martin
|
0-0: Ball 1-0: Called Strike 1-1: DOUBLE (Line Drive, 78XD, EV 109.4 MPH)
|
|
Batting: LHB Kurt Estep
|
0-0: Foul Ball, location: 2F 0-1: Ball 1-1: Ball 2-1: Ball 3-1: Foul Ball, location: 2F 3-2: Fly out, F3 (Line Drive, 3L, EV 68.1 MPH)
|
|
Batting: RHB Bobby Lasaguna
|
0-0: Called Strike 0-1: Foul Ball, location: 2F 0-2: Ball 1-2: Foul Ball, location: 2F 1-2: Strikes out swinging
|
|
Batting: RHB Justin Powell
|
0-0: Ball 1-0: Ground out 5-3 (Groundball, 5, EV 81.9 MPH)
|
| Bottom of the 4th over - 0 runs, 1 hit, 0 errors, 1 left on base; Trenton 1 - New Hampshire 2 |
| TOP OF THE 5TH |
|
Trenton Thunder batting - Pitching for New Hampshire Fisher Cats : RHP Dan Korte
|
|
Batting: SHB Houston Phillips
|
0-0: Ball 1-0: Ball 2-0: Called Strike 2-1: Ground out 4-3 (Groundball, 4MS, EV 70.6 MPH)
|
|
Batting: RHB Christian Shearer
|
0-0: Called Strike 0-1: Called Strike 0-2: Ball 1-2: Foul Ball, location: 2F 1-2: Strikes out swinging
|
|
Batting: RHB Alex Colon
|
0-0: Foul Ball, location: 2F 0-1: Swinging Strike 0-2: Strikes out looking
|
| Top of the 5th over - 0 runs, 0 hits, 0 errors, 0 left on base; Trenton 1 - New Hampshire 2 |
| BOTTOM OF THE 5TH |
|
New Hampshire Fisher Cats batting - Pitching for Trenton Thunder : RHP John Robidoux
|
|
Batting: RHB Tokuji Kawabata
|
0-0: Called Strike 0-1: Foul Ball, location: 2F 0-2: Ball 1-2: Ground out 3-1 (Groundball, 34, EV 103.1 MPH)
|
|
Batting: RHB Stephen Casteel
|
0-0: Ball 1-0: Ball 2-0: Called Strike 2-1: Ground out 6-3 (Groundball, 6, EV 85.6 MPH)
|
|
Batting: RHB Bill Murray
|
0-0: SINGLE (Line Drive, 9S, EV 95.0 MPH)
|
|
Batting: RHB Justin Geiger
|
0-0: Swinging Strike 0-1: Called Strike 0-2: Ball 1-2: Foul Ball, location: 2F 1-2: Strikes out swinging
|
| Bottom of the 5th over - 0 runs, 1 hit, 0 errors, 1 left on base; Trenton 1 - New Hampshire 2 |
| TOP OF THE 6TH |
|
Trenton Thunder batting - Pitching for New Hampshire Fisher Cats : RHP Dan Korte
|
|
Batting: RHB Nazeeh Zubair
|
0-0: Ball 1-0: Foul Ball, location: 2F 1-1: Ball 2-1: Swinging Strike 2-2: Ball 3-2: Foul Ball, location: 2F 3-2: Foul Ball, location: 2F 3-2: Foul Ball, location: 2F 3-2: Base on Balls
|
|
Batting: RHB Tim Osborn
|
0-0: Foul Ball, location: 2F 0-1: Swinging Strike 0-2: Foul Ball, location: 2F 0-2: Strikes out swinging
|
|
Batting: RHB Bryan Westray
|
0-0: Fly out, F8 (Flyball, 89D, EV 101.2 MPH)
|
|
Batting: SHB David Stewart
|
0-0: Called Strike 0-1: Ball 1-1: Swinging Strike 1-2: Ground out 6-3 (Groundball, 6MS, EV 69.4 MPH)
|
| Top of the 6th over - 0 runs, 0 hits, 0 errors, 1 left on base; Trenton 1 - New Hampshire 2 |
| BOTTOM OF THE 6TH |
|
New Hampshire Fisher Cats batting - Pitching for Trenton Thunder : RHP John Robidoux
|
|
Batting: RHB Kai Stoyle
|
0-0: Ball 1-0: Ball 2-0: Called Strike 2-1: Ball 3-1: Base on Balls
|
|
Batting: RHB Chris Martin
|
0-0: Foul Ball, location: 2F 0-1: Ball Wild Pitch! Kai Stoyle to second 1-1: Ball 2-1: Swinging Strike 2-2: Foul Ball, location: 2F 2-2: Foul Ball, location: 2F 2-2: Foul Ball, location: 2F 2-2: Ball 3-2: Base on Balls
|
|
Pitching: RHP Jimmy Wilder
|
|
|
Batting: LHB Kurt Estep
|
0-0: Ball 1-0: Ground out 4-3 (Groundball, 34D, EV 103.1 MPH) Kai Stoyle to third Chris Martin to second
|
|
Batting: RHB Bobby Lasaguna
|
0-0: Foul Ball, location: 2F 0-1: Ball 1-1: Foul Ball, location: 2F 1-2: Fly out, F9 (Flyball, 9, EV 88.1 MPH)
|
|
Batting: RHB Justin Powell
|
0-0: Called Strike 0-1: Called Strike 0-2: Ball 1-2: TRIPLE (Line Drive, 89XD, EV 103.8 MPH) Kai Stoyle scores Chris Martin scores
|
|
Batting: RHB Tokuji Kawabata
|
0-0: Swinging Strike 0-1: Foul Ball, location: 2F 0-2: Foul Ball, location: 2F 0-2: Hit by Pitch
|
|
Batting: RHB Stephen Casteel
|
0-0: Called Strike 0-1: Ball 1-1: Called Strike 1-2: Ball 2-2: Ball 3-2: Base on Balls Tokuji Kawabata to second
|
|
Batting: RHB Bill Murray
|
0-0: Called Strike 0-1: Foul Ball, location: 2F 0-2: Ball 1-2: Fly out, F4 (Line Drive, 4, EV 75.6 MPH)
|
| Bottom of the 6th over - 2 runs, 1 hit, 0 errors, 3 left on base; Trenton 1 - New Hampshire 4 |
| TOP OF THE 7TH |
|
Trenton Thunder batting - Pitching for New Hampshire Fisher Cats : RHP Dan Korte
|
|
Now at 2B: Kirk Seiffert
|
|
|
Batting: RHB Sam Hubbert
|
0-0: Ball 1-0: Called Strike 1-1: Ground out 4-3 (Groundball, 34, EV 81.2 MPH)
|
|
Batting: RHB Phil Reeves
|
0-0: Called Strike 0-1: Ball 1-1: Ball 2-1: Called Strike 2-2: SINGLE (Groundball, 56D, EV 100.0 MPH)
|
|
Pitching: RHP Matt Still
|
|
|
Now at 2B: Luis Reyes
|
|
|
Now at 3B: Kirk Seiffert
|
|
|
Batting: SHB Houston Phillips
|
0-0: Ball 1-0: Ball 2-0: Called Strike 2-1: Fly out, F7 (Line Drive, 78M, EV 87.5 MPH)
|
|
Batting: RHB Christian Shearer
|
0-0: Called Strike 0-1: Ball 1-1: SINGLE (Line Drive, 7S, EV 100.6 MPH) Phil Reeves to second
|
|
Batting: RHB Alex Colon
|
0-0: Called Strike 0-1: Foul Ball, location: 2F 0-2: Ground out 1-3 (Groundball, 15, EV 65.0 MPH)
|
| Top of the 7th over - 0 runs, 2 hits, 0 errors, 2 left on base; Trenton 1 - New Hampshire 4 |
| BOTTOM OF THE 7TH |
|
New Hampshire Fisher Cats batting - Pitching for Trenton Thunder : RHP Jimmy Wilder
|
|
Pitching: RHP Antonio Castillo
|
|
|
Batting: RHB Justin Geiger
|
0-0: Foul Ball, location: 2F 0-1: Ball 1-1: Ball 2-1: Fly out, F9 (Flyball, 9LD, EV 103.1 MPH)
|
|
Batting: RHB Kai Stoyle
|
0-0: Foul Ball, location: 2F 0-1: Ball 1-1: Swinging Strike 1-2: Fly out, F6 (Line Drive, 6M, EV 74.4 MPH)
|
|
Batting: RHB Chris Martin
|
0-0: Fly out, F8 (Flyball, 78M, EV 96.9 MPH)
|
| Bottom of the 7th over - 0 runs, 0 hits, 0 errors, 0 left on base; Trenton 1 - New Hampshire 4 |
| TOP OF THE 8TH |
|
Trenton Thunder batting - Pitching for New Hampshire Fisher Cats : RHP Matt Still
|
|
Batting: RHB Nazeeh Zubair
|
0-0: Ball 1-0: Called Strike 1-1: Swinging Strike 1-2: Strikes out looking
|
|
Batting: RHB Tim Osborn
|
0-0: Called Strike 0-1: Swinging Strike 0-2: Strikes out looking
|
|
Batting: RHB Bryan Westray
|
0-0: Ball 1-0: Ball 2-0: Foul Ball, location: 2F 2-1: Swinging Strike 2-2: Foul Ball, location: 2F 2-2: Ball 3-2: Strikes out looking
|
| Top of the 8th over - 0 runs, 0 hits, 0 errors, 0 left on base; Trenton 1 - New Hampshire 4 |
| BOTTOM OF THE 8TH |
|
New Hampshire Fisher Cats batting - Pitching for Trenton Thunder : RHP Antonio Castillo
|
|
Batting: LHB Kurt Estep
|
0-0: Ball 1-0: Ground out 6-3 (Groundball, 6M, EV 86.9 MPH)
|
|
Batting: RHB Bobby Lasaguna
|
0-0: Foul Ball, location: 2F 0-1: Called Strike 0-2: Foul Ball, location: 2F 0-2: Strikes out swinging
|
|
Batting: RHB Justin Powell
|
0-0: Ball 1-0: Swinging Strike 1-1: Ball 2-1: Swinging Strike 2-2: Strikes out swinging
|
| Bottom of the 8th over - 0 runs, 0 hits, 0 errors, 0 left on base; Trenton 1 - New Hampshire 4 |
| TOP OF THE 9TH |
|
Trenton Thunder batting - Pitching for New Hampshire Fisher Cats : RHP Matt Still
|
|
Pitching: RHP Scott Olson
|
|
|
Batting: SHB David Stewart
|
0-0: Called Strike 0-1: Foul Ball, location: 2F 0-2: Ball 1-2: Strikes out swinging
|
|
Batting: RHB Sam Hubbert
|
0-0: Called Strike 0-1: Hit by Pitch
|
|
Batting: RHB Phil Reeves
|
0-0: SINGLE (Line Drive, 56D, EV 105.6 MPH) Sam Hubbert to second
|
|
Batting: SHB Houston Phillips
|
0-0: Ball 1-0: Called Strike 1-1: Called Strike 1-2: Strikes out looking
|
|
Batting: RHB Christian Shearer
|
0-0: Called Strike 0-1: Ball 1-1: Called Strike 1-2: Ball 2-2: Fielders Choice at 2nd, 6-4 (Groundball, 6, EV 82.5 MPH)
|
| Top of the 9th over - 0 runs, 1 hit, 0 errors, 2 left on base; Trenton 1 - New Hampshire 4 |
|